 Dungeon Sprint DCSS version 0.32-a0-43-g058985b245 (webtiles) character file.

Game seed: 5090327689835212411

10309 mhtbhm the Bludgeoner (level 11, -2/78 HPs)
             Began as a Gargoyle Fighter on Feb 4, 2024.
             Was the Champion of Qazlal.
             Slain by a neqoxec (7 damage)
             ... summoned by an orc high priest
             ... in the Dungeon (Sprint IX: "|||||||||||||||||||||||||||||").
             The game lasted 00:05:12 (2124 turns).

mhtbhm the Bludgeoner (Gargoyle Fighter)            Turns: 2124, Time: 00:05:13

Health: -2/78      AC: 31    Str: 27    XL:     11   Next: 60%
Magic:  12/12      EV: 11    Int: 12    God:    Qazlal [******]
Gold:   1780       SH: 15    Dex:  9    Spells: 10/10 levels left

rFire   . . .        a - +0 flail
rCold   . . .        c - +0 buckler
rNeg    + . .        b - +1 chain mail
rPois   ∞            n - +0 helmet
rElec   +            y - +0 cloak
rCorr   .            z - +0 pair of gloves
SInv    .            m - +0 pair of boots
Will    .....        (no amulet)
Stlth   +            p - +3 ring of strength
HPRegen 0.33/turn    o - +3 ring of intelligence
MPRegen 0.13/turn

%: no teleportation, repel missiles
@: protected from physical damage
A: sickness immunity, AC +8, negative energy resistance 1, electricity
resistance, torment resistance 1, petrification resistance
a: Renounce Religion, Upheaval, Elemental Force, Disaster Area


You were in the Dungeon.
You worshipped Qazlal.
Qazlal was exalted by your worship.
You visited 1 branch You collected 1780 gold pieces.

Inventory:

Hand Weapons
 a - a +0 flail (weapon)
Armour
 b - a +1 chain mail (worn)
 c - a +0 buckler (worn)
 m - a +0 pair of boots (worn)
 n - a +0 helmet (worn)
 y - a +0 cloak (worn)
 z - a +0 pair of gloves (worn)
Jewellery
 o - a +3 ring of intelligence (right hand)
 p - a +3 ring of strength (left hand)
Wands
 l - a wand of light (1)
Scrolls
 j - 2 scrolls of blinking
 r - a scroll of immolation
 s - 2 scrolls of enchant weapon
 t - 2 scrolls of enchant armour
 u - a scroll of fog
Potions
 d - a potion of might
 e - 2 potions of curing
 f - 2 potions of heal wounds
 h - 4 potions of magic
 i - 2 potions of brilliance
 v - a potion of attraction


   Skills:
 + Level 13.0 Fighting
 + Level 16.6 Maces & Flails
 + Level 13.8 Armour
 + Level 5.9 Dodging
 + Level 8.2 Stealth
 + Level 13.3 Shields
 + Level 1.3 Invocations
 + Level 4.2 Evocations


You had 10 spell levels left.
You didn't know any spells.
Your spell library was empty.

Dungeon Overview and Level Annotations

Branches:
Dungeon (1/1)

Altars:
Cheibriados
Dithmenos
Elyvilon
Fedhas
Gozag
Hepliaklqana
Kikubaaqudgha
Makhleb
Nemelex Xobeh
Okawaru
Qazlal
Ru
Sif Muna
Trog
Uskayaw
Vehumet
Wu Jian
Xom
Yredelemnul
Zin
The Shining One
Jiyva
Lugonu

Shops:
D ?


Innate Abilities, Weirdness & Mutations

You are immune to sickness and miasma.
Your stone body is resilient. (AC +8)
You are immune to poison.
You resist negative energy. (rN+)
You are resistant to electric shocks. (rElec)
You are resistant to unholy torment.
You are immune to petrification.


Message History

You are too injured to fight recklessly!
You are too injured to fight recklessly!
You are too injured to fight recklessly!
You are too injured to fight recklessly!
You are too injured to fight recklessly!
You are too injured to fight recklessly!
You hit the orc high priest.
The orc high priest is severely wounded.
You block the orc high priest's attack. You block the neqoxec's attack.
You hit the orc high priest but do no damage.
The orc high priest is severely wounded.
You block the orc high priest's attack.
You hit the orc high priest.
The orc high priest is severely wounded.
You block the neqoxec's attack.
You hit the orc high priest.
The orc high priest is almost dead.
The orc high priest calls down the wrath of Beogh upon you.
Beogh smites you! You block the neqoxec's attack.
You hit the orc high priest but do no damage.
The orc high priest is almost dead.
The orc high priest completely misses you.
The smoke demon gestures at you. Beogh smites you!
* * * LOW HITPOINT WARNING * * *
You hit the orc high priest but do no damage.
The orc high priest is almost dead.
The smoke demon disappears in a puff of smoke!
The neqoxec barely misses you.
You sock the orc high priest!
The orc high priest is almost dead.
The orc high priest hits you but does no damage.
You block the neqoxec's attack.
You barely miss the orc high priest.
The orc high priest is almost dead.
The orc high priest invokes the aid of Beogh against you.
Beogh smites you!
* * * LOW HITPOINT WARNING * * *
The neqoxec hits you!
You die...

▓▓▓▓▓▓▓▓▓▓▓▓▓▓▓▓▓▓▓▓▓▓▓▓▓▓▓▓▓▓▓▓▓
_____________________'..)..[...†)
▓▓▓▓▓▓▓▓▓▓▓▓▓▓▓▓▓▓▓▓▓▓▓▓▓▓▓▓▓▓▓▓▓
.................................
▓▓▓▓▓▓▓▓▓▓▓▓▓▓▓▓▓▓▓▓▓▓▓▓▓▓▓▓▓▓▓▓▓
.'†........†.........†...........
▓▓▓▓▓▓▓▓▓▓▓▓▓▓▓▓▓▓▓▓▓▓▓▓▓▓▓▓▓▓▓▓▓
.............53o@3...............
▓▓▓▓▓▓▓▓▓▓▓▓▓▓▓▓▓▓▓▓▓▓▓▓▓▓▓▓▓▓▓▓▓
)))....'))))))......'.oooo∩
▓▓▓▓▓▓▓▓▓▓▓▓▓▓▓▓▓▓▓▓▓▓▓▓▓▓▓


You could see an orc high priest, a neqoxec (summoned), a ynoxinul (summoned)
and an ufetubus (summoned).

Vanquished Creatures
  A stone giant (D)
  Josephine (D)
  A centaur warrior (D)
  A two-headed ogre (D)
  A death yak (D)
  An orc high priest (D)
  2 orc knights (D)
  A black mamba (D)
  2 cane toads (D)
  A dream sheep (D)
  5 wraiths (D)
  4 basilisks (D)
  3 wargs (D)
  A vampire mosquito (D)
  3 water moccasins (D)
  3 hell hounds (D)
  13 orc warriors (D)
  2 centaurs (D)
  6 wolves (D)
  2 bullfrogs (D)
  A scorpion (D)
  A howler monkey (D)
  2 hounds (D)
  3 orc priests (D)
  2 sleepcaps (D)
  3 orc wizards (D)
  5 orcs (D)
  An endoplasm (D)
  2 hobgoblins (D)
  A ball python (D)
  A rat (D)
76 creatures vanquished.

Vanquished Creatures (others)
  A centaur warrior (D)
  A vampire mosquito (D)
  An acid dragon (D)
  A gnoll sergeant (D)
4 creatures vanquished.

Grand Total: 80 creatures vanquished

Notes
Turn   | Place    | Note
-------+----------+-------------------------------------------
     0 | D        | mhtbhm the Gargoyle Fighter began the quest for the Orb.
     0 | D        | Reached XP level 1. HP: 14/14 MP: 1/1
   127 | D        | Noticed a scorpion
   127 | D        | Noticed a sleepcap
   127 | D        | Noticed a sleepcap
   127 | D        | Noticed a hound
   127 | D        | Noticed a hound
   130 | D        | Killed a scorpion
   131 | D        | Reached skill level 5 in Fighting
   131 | D        | Reached skill level 3 in Maces & Flails
   131 | D        | Reached skill level 5 in Armour
   131 | D        | Reached XP level 2. HP: 21/21 MP: 2/2
   131 | D        | Reached XP level 3. HP: 26/26 MP: 3/3
   131 | D        | Reached XP level 4. HP: 31/31 MP: 4/4
   134 | D        | Reached skill level 4 in Maces & Flails
   134 | D        | Reached skill level 5 in Shields
   138 | D        | Reached XP level 5. HP: 36/36 MP: 5/5
   142 | D        | Reached skill level 5 in Maces & Flails
   153 | D        | Reached skill level 1 in Dodging
   159 | D        | Found a snail-covered altar of Cheibriados.
   159 | D        | Found a shadowy altar of Dithmenos.
   159 | D        | Found a white marble altar of Elyvilon.
   159 | D        | Found a blossoming altar of Fedhas.
   159 | D        | Found an opulent altar of Gozag.
   160 | D        | Found a hazy altar of Hepliaklqana.
   161 | D        | Found a viscous altar of Jiyva.
   162 | D        | Found an ancient bone altar of Kikubaaqudgha.
   163 | D        | Found a corrupted altar of Lugonu.
   164 | D        | Found a burning altar of Makhleb.
   165 | D        | Found a sparkling altar of Nemelex Xobeh.
   166 | D        | Found an iron altar of Okawaru.
   167 | D        | Found a stormy altar of Qazlal.
   168 | D        | Found a sacrificial altar of Ru.
   169 | D        | Found a shimmering blue altar of Sif Muna.
   170 | D        | Found a bloodstained altar of Trog.
   171 | D        | Found a hide-covered altar of Uskayaw.
   172 | D        | Found a radiant altar of Vehumet.
   173 | D        | Found an ornate altar of the Wu Jian Council.
   174 | D        | Found a shimmering altar of Xom.
   175 | D        | Became a worshipper of Qazlal Stormbringer
   176 | D        | Found a basalt altar of Yredelemnul.
   177 | D        | Found a glowing silver altar of Zin.
   178 | D        | Found a glowing golden altar of the Shining One.
   228 | D        | Noticed a vampire mosquito
   228 | D        | Noticed a wraith
   228 | D        | Noticed a centaur
   238 | D        | Killed a vampire mosquito
   239 | D        | Reached skill level 7 in Maces & Flails
   239 | D        | Reached XP level 6. HP: 28/44 MP: 6/6
   247 | D        | Killed a wraith
   247 | D        | Reached * piety under Qazlal
   248 | D        | Reached skill level 9 in Maces & Flails
   248 | D        | Reached XP level 7. HP: 43/49 MP: 7/7
   274 | D        | Noticed a vampire mosquito
   274 | D        | Noticed a two-headed ogre
   274 | D        | Noticed a centaur warrior
   274 | D        | Noticed a centaur warrior
   284 | D        | Killed a two-headed ogre
   284 | D        | Reached ** piety under Qazlal
   285 | D        | Reached skill level 11 in Maces & Flails
   285 | D        | Reached skill level 10 in Armour
   285 | D        | Reached XP level 8. HP: 14/55 MP: 8/8
   295 | D        | Killed a centaur warrior
   296 | D        | Reached skill level 1 in Evocations
   298 | D        | Reached skill level 12 in Maces & Flails
   298 | D        | Killed a centaur warrior
   299 | D        | Reached XP level 9. HP: 16/60 MP: 9/9
   451 | D        | Noticed Josephine
   477 | D        | Killed Josephine
   478 | D        | Reached skill level 13 in Maces & Flails
   478 | D        | Reached skill level 1 in Stealth
   485 | D        | Reached *** piety under Qazlal
   499 | D        | Reached skill level 14 in Maces & Flails
   512 | D        | Reached skill level 5 in Dodging
   529 | D        | Reached **** piety under Qazlal
   622 | D        | Noticed a cane toad
   622 | D        | Noticed a death yak
   625 | D        | Noticed a cane toad
   630 | D        | Killed a cane toad
   631 | D        | Reached skill level 10 in Fighting
   631 | D        | Reached XP level 10. HP: 34/68 MP: 10/10
   643 | D        | Killed a death yak
   644 | D        | Reached skill level 10 in Shields
   648 | D        | Reached ***** piety under Qazlal
   655 | D        | Killed a cane toad
   656 | D        | Reached skill level 15 in Maces & Flails
  1033 | D        | Noticed a black mamba
  1084 | D        | Killed a black mamba
  1084 | D        | Reached ****** piety under Qazlal
  1124 | D        | Reached skill level 5 in Stealth
  1137 | D        | Reached XP level 11. HP: 76/76 MP: 11/11
  1194 | D        | Acquired 461 gold pieces
  1295 | D        | Noticed a stone giant
  1312 | D        | Killed a stone giant
  1313 | D        | Reached skill level 16 in Maces & Flails
  1376 | D        | Noticed an orc high priest
  1402 | D        | Killed an orc high priest
  1403 | D        | Reached skill level 1 in Invocations
  1675 | D        | Found Wuuxyqem's Magic Scroll Emporium.
  1675 | D        | Noticed an orc knight
  1675 | D        | Noticed an orc knight
  1675 | D        | Noticed an orc high priest
  1675 | D        | Noticed an orc high priest
  1675 | D        | Noticed an orc knight
  1903 | D        | Killed an orc knight
  1991 | D        | Killed an orc knight
  2124 | D        | Slain by a neqoxec

Illustrated notes

Levels and vault maps discovered:
D:        linesprint [early_d, line_temple, items_1, d_10, items_2, lair_1,
          lair_end, items_3, orc_1, orc_end, items_4, d_15, swamp_1, shoals_1,
          snake_1, spider_1, d_20, vaults_1, items_5, swamp_end, shoals_end,
          snake_end, spider_end, vaults_end, d_27, items_6, zot_1, zot_end,
          crypt_end, forest_end, elf_end, slime_end, tomb_end, abyss_end,
          pan_hell_end]

Skill      XL: |  1  2  3  4  5  6  7  8  9 10 11 |
---------------+----------------------------------+-----
Armour         | 5 6 7 8 10 11 12 13 | 13.8
Fighting       | 5 6 7 8 9 10 11 13 | 13.0
Maces & Flails | 3 4 7 9 11 12 14 15 16 | 16.6
Shields        | 4 5 6 7 8 9 11 13 | 13.3
Dodging        | 1 2 3 4 5 |  5.9
Evocations     | 1 2 4 |  4.2
Stealth        | 1 5 8 |  8.2
Invocations    | 1 |  1.3

Action                     |  1- 3 |  4- 6 |  7- 9 | 10-12 || total
---------------------------+-------+-------+-------+-------++-------
  Melee: Flail             |    19 |    35 |    94 |   320 ||   468
 Invoke: Upheaval          |       |       |       |     2 ||     2
  Evoke: Wand              |       |     2 |     5 |     2 ||     9
    Use: Potion            |     1 |     3 |     3 |     6 ||    13
         Scroll            |       |       |       |     2 ||     2
   Stab: Invisible         |       |       |     1 |    15 ||    16
         Petrifying        |       |       |       |     1 ||     1
 Armour: Scale mail        |    11 |    16 |       |       ||    27
         Chain mail        |       |    25 |    46 |    91 ||   162
  Dodge: Dodged            |     8 |    15 |    13 |    44 ||    80
         Repelled          |       |       |       |     1 ||     1
  Block: Buckler           |     3 |    14 |    27 |   122 ||   166

Table legend: (Time is in decaauts)
 A = Elapsed time spent in this place.
 B = Non-inter-level travel time spent in this place.
 C = Inter-level travel time spent in this place.
 D = Time resting spent in this place.
 E = Time spent auto-exploring this place.
 F = Levels seen in this place.
 G = Mean time per level.
                   A        B        C        D        E       F      G
               +--------+--------+--------+--------+--------+-----+--------+
         Total |   2012 |   2012 |      0 |    943 |     53 |   1 | 2012.0 |
       Dungeon |   2012 |   2012 |      0 |    943 |     53 |   1 | 2012.0 |
               +--------+--------+--------+--------+--------+-----+--------+

Top non-repeatable levels by time:
       D: 2012 daAuts
